 Dungeon Crawl Stone Soup version 0.19-a0-330-g034cfd4 (webtiles) character file.

18641 Duffy the Basher (level 12, 0/97 HPs)
             Began as a Mummy Fighter on May 29, 2016.
             Was the Champion of Hepliaklqana.
             Slain by Rupert
             ... wielding a +2 executioner's axe of electrocution
              (14 damage)
             ... on level 5 of the Lair of Beasts.
             The game lasted 00:27:06 (13966 turns).

Duffy the Basher (Mummy Fighter)                   Turns: 13966, Time: 00:27:07

Health: 0/97       AC: 19    Str: 20    XL:     12   Next: 29%
Magic:  14/14      EV:  9    Int: 11    God:    Hepliaklqana [******]
Gold:   267        SH: 17    Dex: 21    Spells: 0 memorised, 11 levels left

rFire  . . .     SeeInvis .     A - +8 morningstar (chaos)
rCold  + + .     Gourm    .     F - +0 chain mail "Weasiosk" {Dex+4}
rNeg   + + +     Faith    +     e - +6 shield of Tuawu {*Confuse rElec rN+ Dex+2}
rPois  ∞         Spirit   .     O - +1 helmet {Int+3}
rElec  +         Dismiss  .     y - +0 cloak of Diffiv {rPois Regen+}
rCorr  .         Reflect  .     n - +2 pair of gloves
SustAt .         Harm     .     p - +0 pair of boots
MR     +....                    G - amulet of faith
Stlth  ..........               g - ring of protection from cold
                                i - ring of protection from fire

@: somewhat resistant to hostile enchantments, extremely unstealthy
A: no food or potions, fire vulnerability, cold resistance 1, negative energy
resistance 3, torment resistance, unbreathing
a: Recall Ancestor, Ancestor Identity, Transference, Idealise, Renounce Religion


You were on level 5 of the Lair of Beasts.
You worshipped Hepliaklqana.
Hepliaklqana was exalted by your worship.
You were not hungry.

You visited 2 branches of the dungeon, and saw 16 of its levels.

You collected 978 gold pieces.
You spent 711 gold pieces at shops.


Innate Abilities, Weirdness & Mutations

You do not eat or drink.
Your flesh is vulnerable to fire.
You are immune to poison.
Your flesh is cold resistant. (rC+)
You are immune to negative energy. (rN+++)
You are immune to unholy pain and torment.
You can survive without breathing.


   Skills:
 + Level 10.0 Fighting
 + Level 10.9 Maces & Flails
 - Level 8.0 Armour
 - Level 5.5 Dodging
 - Level 4.8 Shields
 - Level 3.6 Invocations


You had 11 spell levels left.
You didn't know any spells.

Inventory:

Hand Weapons
 A - a +8 morningstar of chaos (weapon)
 J - a +0 blowgun
Missiles
 d - 23 poisoned needles
 l - 3 throwing nets (quivered)
 E - 9 tomahawks
 L - 8 javelins
Armour
 e - the +6 shield of Tuawu (worn) {*Confuse rElec rN+ Dex+2}

   It affects your dexterity (+2).
   It insulates you from electricity.
   It protects you from negative energy.
   It may confuse you when you take damage.
 n - a +2 pair of gloves (worn)
 p - a +0 pair of boots (worn)
 y - the +0 cloak of Diffiv (worn) {rPois Regen+}

   It protects you from poison.
   It increases your rate of regeneration.
 F - the +0 chain mail "Weasiosk" (worn) {Dex+4}

   It affects your dexterity (+4).
 O - a +1 helmet of intelligence (worn)
Jewellery
 c - an uncursed amulet of dismissal {unknown}
 g - a ring of protection from cold (right hand)
 i - a ring of protection from fire (left hand)
 j - an uncursed ring of ice
 G - an amulet of faith (around neck)
 K - an uncursed ring of flight
Wands
 a - a wand of confusion (27/48)
 b - a wand of digging (8/24)
 h - a wand of iceblast (5/15)
 m - a wand of acid (9/15)
 q - a wand of digging (14/24)
 r - a wand of polymorph (4/24)
 B - a wand of slowing (40/48)
 I - a wand of disintegration (12/24)
Scrolls
 f - 4 scrolls of fear
 o - 2 scrolls of recharging
 s - a scroll of enchant armour
 u - 2 scrolls of blinking
 v - a scroll of magic mapping
 w - a scroll of fog
 C - 4 scrolls of remove curse

Dungeon Overview and Level Annotations

Branches:
Dungeon (11/15)            Temple (0/1) D:4            Lair (5/8) D:11
  Swamp: Lair:3-6    Shoals: Lair:3-6     Snake: Lair:3-6    Spider: Lair:3-6
    Orc: D:9-12

Altars:
Ashenzari
Elyvilon
Gozag
Hepliaklqana
Nemelex Xobeh
Okawaru
Pakellas
Qazlal
Ru
Sif Muna
Trog
The Shining One
Beogh

Shops:
D:7 [[}   D:10 =

Annotations:
Lair:5 Rupert


Message History

Rupert hits you but does no damage.
You hit Rupert.
Rupert looks even sicker.
Rupert is moderately wounded.
You block Rupert's attack.
You puncture Rupert! You freeze Rupert.
Rupert is moderately wounded.
Rupert hits you with an executioner's axe of electrocution.
You thump Rupert!
Rupert is heavily wounded.
Rupert barely misses you.
Your chain mail "Weasiosk" prevents you from hitting Rupert.
Rupert is heavily wounded.
Rupert hits you with an executioner's axe of electrocution!!
You bludgeon Rupert!!
Rupert is heavily wounded.
Rupert completely misses you.
You sock Rupert! You drain Rupert!
Rupert is severely wounded.
Rupert hits you with an executioner's axe of electrocution!!
You are too injured to fight recklessly!
You are too injured to fight recklessly!
You are too injured to fight recklessly!
You are too injured to fight recklessly!
You are too injured to fight recklessly!
You are too injured to fight recklessly!
You are too injured to fight recklessly!
You are too injured to fight recklessly!
You are too injured to fight recklessly!
You are too injured to fight recklessly!
You are too injured to fight recklessly!
You are too injured to fight recklessly!
You are too injured to fight recklessly!
You swap places.
Rupert misses Tiberius.
Tiberius completely misses Rupert.
You see here a scroll of enchant armour.
s - a scroll of enchant armour Rupert hits Tiberius with an executioner's axe of electrocution!!
Tiberius hits Rupert but does no damage.
Tiberius drains Rupert!
Rupert hits Tiberius with an executioner's axe of electrocution!!
Tiberius is destroyed!
Read which item? (? for menu, Esc to quit)
As you read the scroll of torment, it crumbles to dust.
You feel a surge of unholy energy.
Rupert convulses!
You barely miss Rupert.
Rupert is almost dead.
Rupert barely misses you.
You sock Rupert! You burn Rupert.
Rupert is almost dead.
Rupert hits you with an executioner's axe of electrocution!
You die...

##...# ##P
##.##.#..# ###...
.......<.# #....
..#...#.:## ##.#.
##P.....## P..#
###.....#####..#
##...###.P#.#####
#P.........@....#P.
###......PP@.......
#.................
##.#.........P#.##
#...............#
....PP........P##
...........P....#
...........##....#
##P#.....#..# ...##
###.........


You could see Rupert (berserk).

Action                   |  1- 3 |  4- 6 |  7- 9 | 10-12 || total
-------------------------+-------+-------+-------+-------++-------
Melee: Flail             |   142 |   173 |   327 |   555 ||  1197
       Morningstar       |       |       |       |   253 ||   253
Invok: Ancestor Life: He |       |       |     1 |       ||     1
  Use: Scroll            |       |     2 |     2 |    23 ||    27
 Stab: Confused          |       |       |    10 |    14 ||    24
       Distracted        |       |       |     6 |    11 ||    17
       Petrifying        |       |       |       |     2 ||     2
       Paralysed         |       |       |       |     2 ||     2
       Petrified         |       |       |       |     2 ||     2
Armor: Scale mail        |    63 |    39 |       |       ||   102
       Chain mail        |       |    50 |   148 |   245 ||   443
Dodge: Dodged            |    43 |    33 |    51 |   122 ||   249
Block: Shield            |    83 |    77 |   137 |   443 ||   740

Notes
Turn   | Place    | Note
--------------------------------------------------------------
     0 | D:1      | Duffy the Mummy Fighter began the quest for the Orb.
     0 | D:1      | Reached XP level 1. HP: 18/18 MP: 1/1
    75 | D:1      | Reached skill level 2 in Maces & Flails
    78 | D:1      | Reached XP level 2. HP: 20/24 MP: 2/2
   803 | D:2      | Reached XP level 3. HP: 23/29 MP: 3/3
   887 | D:2      | Reached skill level 3 in Maces & Flails
  1293 | D:2      | Found an opulent altar of Gozag.
  1619 | D:2      | Reached XP level 4. HP: 33/35 MP: 4/4
  1646 | D:2      | Found a bloodstained altar of Trog.
  1996 | D:3      | Found a hazy altar of Hepliaklqana.
  2001 | D:3      | Became a worshipper of Hepliaklqana
  2281 | D:3      | Found a white marble altar of Elyvilon.
  2343 | D:3      | Reached skill level 4 in Maces & Flails
  2384 | D:3      | Found a glowing golden altar of the Shining One.
  2502 | D:3      | Found a sacrificial altar of Ru.
  2967 | D:3      | Reached XP level 5. HP: 40/41 MP: 5/5
  3133 | D:4      | Reached * piety under Hepliaklqana
  3151 | D:4      | Found a stormy altar of Qazlal.
  3309 | D:4      | Found a staircase to the Ecumenical Temple.
  3349 | D:4      | Reached skill level 5 in Maces & Flails
  3388 | D:4      | Found an oddly glowing altar of Pakellas.
  3388 | D:4      | Noticed a hungry ghost
  3461 | D:4      | Reached XP level 6. HP: 39/47 MP: 6/6
  3757 | D:5      | Entered Level 5 of the Dungeon
  3765 | D:5      | Noticed a sky beast
  3768 | D:5      | Noticed an ice beast
  3777 | D:5      | Killed a sky beast
  3777 | D:5      | Reached skill level 3 in Shields
  3781 | D:5      | Killed an ice beast
  3822 | D:5      | Found a sparkling altar of Nemelex Xobeh.
  3826 | D:5      | Noticed a sky beast
  3850 | D:5      | Killed a sky beast
  3850 | D:5      | Reached XP level 7. HP: 33/52 MP: 7/7
  4153 | D:5      | Reached skill level 6 in Maces & Flails
  4153 | D:5      | Reached skill level 4 in Shields
  4245 | D:5      | Reached ** piety under Hepliaklqana
  4255 | D:5      | Found an iron altar of Okawaru.
  4307 | D:5      | Remembered your ancestor Tiberius as a hexer
  4631 | D:6      | Noticed Prince Ribbit
  4632 | D:6      | Noticed Pikel
  4811 | D:5      | Killed Pikel
  4811 | D:5      | Reached skill level 7 in Maces & Flails
  4811 | D:5      | Reached XP level 8. HP: 58/58 MP: 8/8
  4971 | D:6      | Killed Prince Ribbit
  4971 | D:6      | Reached skill level 8 in Maces & Flails
  5050 | D:6      | Noticed Edmund
  5072 | D:6      | Killed Edmund
  5332 | D:6      | Reached skill level 4 in Fighting
  5376 | D:6      | Reached XP level 9. HP: 47/65 MP: 9/9
  5581 | D:6      | Noticed Eustachio
  5585 | D:6      | Killed Eustachio
  5693 | D:6      | Reached skill level 9 in Maces & Flails
  5852 | D:6      | Reached skill level 5 in Fighting
  5879 | D:6      | Found a deep blue altar of Sif Muna.
  5968 | D:7      | Found Dotwaamo's Armour Shop.
  5971 | D:7      | Bought the +0 cloak of Diffiv {rPois Regen+} for 172 gold pieces
  6106 | D:7      | Found a sacrificial altar of Ru.
  6196 | D:7      | Found Oprats's Gadget Emporium.
  6222 | D:7      | Noticed Crazy Yiuf
  6227 | D:7      | Killed Crazy Yiuf
  6322 | D:7      | Noticed Dowan
  6325 | D:7      | Noticed Duvessa
  6326 | D:7      | Reached skill level 6 in Fighting
  6337 | D:7      | Killed Duvessa
  6343 | D:7      | Killed Dowan
  6400 | D:7      | Found Obyotinn's Antique Armour Emporium.
  6518 | D:7      | Bought a twisted chain mail for 218 gold pieces
  6528 | D:7      | Identified the cursed +0 chain mail "Weasiosk" {Dex+4} (You bought it in a shop on level 7 of the Dungeon)
  6677 | D:8      | Found a bloodstained altar of Trog.
  6742 | D:8      | Reached skill level 7 in Fighting
  6859 | D:8      | Reached *** piety under Hepliaklqana
  6904 | D:8      | Reached skill level 10 in Maces & Flails
  6992 | D:8      | Reached XP level 10. HP: 79/79 MP: 10/10
  7230 | D:9      | Found a shattered altar of Ashenzari.
  7523 | D:9      | Reached skill level 3 in Armour
  7736 | D:9      | Found a glowing golden altar of the Shining One.
  7807 | D:9      | Reached skill level 8 in Fighting
  8222 | D:10     | Entered Level 10 of the Dungeon
  8316 | D:10     | Reached **** piety under Hepliaklqana
  8508 | D:10     | Found Ynurghapp's Jewellery Shop.
  8521 | D:10     | Noticed a hill giant
  8530 | D:10     | Killed a hill giant
  8530 | D:10     | Reached skill level 4 in Armour
  8800 | D:7      | Bought a transparent shield for 218 gold pieces
  8810 | D:7      | Identified the +6 shield of Tuawu {*Confuse rElec rN+ Dex+2} (You bought it in a shop on level 7 of the Dungeon)
  8904 | D:10     | Reached skill level 9 in Fighting
  8987 | D:10     | Found a roughly hewn altar of Beogh.
  9053 | D:10     | Reached skill level 5 in Armour
  9080 | D:10     | Reached skill level 1 in Dodging
  9191 | D:10     | Noticed a hill giant
  9199 | D:10     | Killed a hill giant
  9199 | D:10     | Reached skill level 2 in Dodging
  9351 | D:11     | Found a staircase to the Lair.
  9404 | D:11     | Reached skill level 3 in Dodging
  9404 | D:11     | Reached XP level 11. HP: 74/89 MP: 11/11
  9454 | D:11     | Reached skill level 6 in Armour
  9553 | D:11     | Reached ***** piety under Hepliaklqana
  9611 | D:11     | Noticed Urug
  9629 | D:11     | Killed Urug
  9834 | D:11     | Noticed Fannar
  9858 | D:11     | Killed Fannar
  9858 | D:11     | Reached skill level 4 in Dodging
 10022 | D:11     | Noticed a purple ugly thing
 10023 | D:11     | Noticed a white ugly thing
 10039 | D:11     | Killed a purple ugly thing
 10043 | D:11     | Killed a white ugly thing
 10043 | D:11     | Reached skill level 7 in Armour
 10252 | Lair:1   | Entered Level 1 of the Lair of Beasts
 10309 | Lair:1   | Reached skill level 5 in Dodging
 10485 | D:7      | Bought a glowing helmet for 103 gold pieces
 11459 | Lair:2   | Found a white marble altar of Elyvilon.
 11578 | Lair:2   | Noticed an oklob plant
 11592 | Lair:2   | Killed an oklob plant
 11592 | Lair:2   | Reached skill level 1 in Invocations
 11740 | Lair:2   | Reached skill level 2 in Invocations
 11803 | Lair:2   | Reached skill level 8 in Armour
 11952 | Lair:2   | Reached ****** piety under Hepliaklqana
 12126 | Lair:2   | Reached skill level 3 in Invocations
 12393 | Lair:3   | Noticed a catoblepas
 12411 | Lair:3   | Killed a catoblepas
 12749 | Lair:3   | Reached XP level 12. HP: 95/95 MP: 14/14
 13809 | Lair:4   | Reached skill level 10 in Fighting
 13947 | Lair:5   | Noticed Rupert
 13966 | Lair:5   | Slain by Rupert

Skill      XL: |  1  2  3  4  5  6  7  8  9 10 11 12 |
---------------+-------------------------------------+-----
Maces & Flails | 2 3 4 5 7 8 10 | 10.9
Shields        | 3 4 |  4.8
Fighting       | 4 7 9 10 | 10.0
Armour         | 5 8 |  8.0
Dodging        | 3 5 |  5.5
Invocations    | 3 |  3.6

Vault maps used:
D:1:      tarquinn_simple_flora_water_f
D:2:      grunt_gozag_statues, trog_hazing_becter
D:3:      lemuel_crystal_altar, elyvilon_altar_4, lemuel_round_altar,
          nicolae_ru_the_path_less_chosen
D:4:      marbit_many_paths, minmay_temple_entry_mist, minmay_misc_feat_plants,
          eino_small_chamber_without_monster,
          gammafunk_pakellas_cloud_experiment
D:5:      okawaru_gym_becter, nemelex_deck, first_bread
D:6:      led_sif_pool, uniq_edmund, uniq_eustachio, uniq_pikel,
          uniq_prince_ribbit1
D:7:      old_standard_altar, serial_shops, kennysheep_mini, shop,
          kennysheep_little_box, uniq_duvessa, uniq_crazy_yiuf_cottage
D:8:      the_bakery, trog_book
D:9:      kennysheep_kobold_camp, old_standard_altar, basic_altar
D:10:     special_room, serial_shops, shop, minivault_23, dk_noncrumbling_2
D:11:     lair_0_dummy, abandoned_shop, serial_bayou_pond_c, uniq_fannar,
          uniq_urug
Lair:2:   minmay_lair_oklob_items, basic_altar, wad_woods_road_06
Lair:5:   grunt_megastairs_4, uniq_rupert

Vanquished Creatures
  Fannar
  A catoblepas Urug Pikel
  A griffon
  2 hill giants
  An oklob plant
  2 ugly things
  A cyclops
  2 spiny frogs
  A komodo dragon
  A rime drake
  3 trolls Prince Ribbit
  A two-headed ogre
  6 blink frogs
  A spriggan
  19 yaks
  2 basilisks
  A wraith Eustachio
  6 hippogriffs Edmund
  5 water moccasins
  5 porcupines Duvessa
  2 ice beasts
  5 sky beasts
  6 orc warriors
  7 ogres
  A necrophage
  5 centaurs
  4 wolves
  7 crocodiles
  3 big kobolds
  8 giant frogs Dowan
  2 scorpions
  4 killer bees
  13 wights
  2 crimson imps
  5 hounds
  2 jellies
  11 orc priests
  2 giant frog skeletons Crazy Yiuf
  4 iguanas
  2 hexers
  12 orc wizards
  12 worker ants
  A killer bee zombie
  A hound skeleton
  A worker ant zombie
  4 gnolls
  10 adders
  A howler monkey skeleton
  22 river rats
  2 ancestors
  2 oozes
  4 worms
  2 dart slugs
  2 giant geckos
  57 orcs
  5 giant cockroaches
  8 goblins
  10 hobgoblins
  4 jackals
  40 kobolds
  6 quokkas
  A ball python
  6 bats
  2 giant gecko skeletons
  6 giant newts
  2 jackal skeletons
  8 rats
  15 plants
411 creatures vanquished.
